AoeStats
← 只会打步弓

Arabia

507521333Analyzed
1v1 RM · 13d ago on Sep 18, 2026· 52m 11s· 2 players
Game mode
Random Map
Map size
Tiny (2 player)
Population
200
Speed
Normal
Resources
Standard
Victory
Conquest
Starting age
Dark Age
Ending age
Imperial Age
RankedLock teamsTeams togetherTeam positionsShared explorationLock speedFull tech treeHidden civsTurbo modeCheats
Victory
Defeat
🇨🇳 Magyars · China
1839
+20
🇦🇷 Chinese · Argentina
1921
-20
只会打步弓
6:28 Loom
8:50 Feudal Age
9:25 Double-Bit Axe
12:28 Horse Collar
13:44 Town Watch
17:22 Scale Barding Armor
18:00 Bloodlines
22:49 Castle Age
22:10 Gold Mining
22:52 Light Cavalry
23:32 Husbandry
23:54 Chain Barding Armor
34:16 Wheelbarrow
39:43 Imperial Age
38:30 Bow Saw
41:01 Conscription
40:06 Cavalier
42:20 Plate Barding Armor
44:07 Fletching
44:39 Padded Archer Armor
45:09 Bodkin Arrow
46:30 Chemistry
45:06 Elite Skirmisher
45:51 Thumb Ring
46:07 Bracer
46:27 Leather Archer Armor
46:59 Ballistics
50:50 Hand Cart
51:23 Ring Archer Armor
52:05 Gold Shaft Mining
51:20 Stone Mining
51:32 Heavy Plow
52:40 Parthian Tactics
[CL] Al3jandr0.magn00
0:26 Loom
9:29 Feudal Age
10:01 Double-Bit Axe
10:23 Horse Collar
21:40 Castle Age
20:00 Gold Mining
20:11 Fletching
20:58 Forging
21:44 Pikeman
21:45 Crossbowman
22:41 Bodkin Arrow
23:23 Town Watch
25:33 Scale Mail Armor
36:27 Chain Mail Armor
36:49 Squires
39:23 Iron Casting
39:44 Wheelbarrow
45:27 Imperial Age
47:01 Plate Mail Armor
48:52 Blast Furnace
47:58 Scale Barding Armor
47:27 Halberdier
48:04 Light Cavalry
48:54 Bloodlines
48:46 Cavalier
49:48 Bloodlines
51:08 Chain Barding Armor
Connection lost

Rejoining the realm…

Still unreachable

The connection could not be restored.

Session expired

The server has moved on; the page needs a fresh start.